 Dungeon Sprint DCSS version 0.31-a0-1370-gf52a5a9ab3 (webtiles) character file.

Game seed: 18421377000842428720

3983 MisterAzrael the Peltast (level 10, -13/100 HPs)
             Began as a Hill Orc Fighter on Dec 24, 2023.
             Was the Champion of Qazlal.
             Mangled by a fire giant
             ... wielding a +2 great sword of flaming
              (20 damage)
             ... in the Dungeon (Sprint V: "Ziggurat Sprint").
             The game lasted 00:05:00 (362 turns).

MisterAzrael the Peltast (Hill Orc Fighter)          Turns: 362, Time: 00:05:00

Health: -13/100    AC: 32    Str: 36    XL:     10   Next: 22%
Magic:  10/18      EV:  3    Int:  8    God:    Qazlal [******]
Gold:   0          SH: 39    Dex: 10    Spells: 9/9 levels left

rFire   . . .        w - +16 obsidian axe {drain, demonic, Mesm ^Drain Fly SInv}
rCold   . . .        l - +18 shield of the Gong {Loud rN+ Will+ rCorr EV-5}
rNeg    + . .        k - +15 Maxwell's patent armour {-Cast -Tele rElec Will+ rCorr}
rPois   .            (no helmet)
rElec   +            (no cloak)
rCorr   +            (no gloves)
SInv    +            (no boots)
Will    ++...        (no amulet) Stlth
                     r - +6 ring of strength
HPRegen 0.36/turn    s - +6 ring of strength
MPRegen 0.16/turn

%: no teleportation, no spellcasting, repel missiles
@: protected from physical damage, flying, mesmerised, studying 2 skills
A: no striking features
a: Renounce Religion, Upheaval, Elemental Force, Disaster Area


You were in the Dungeon.
You worshipped Qazlal.
Qazlal was exalted by your worship.
You visited 1 branch

Inventory:

Hand Weapons
 a - a +0 war axe
 w - the +16 obsidian axe (weapon) {drain, demonic, Mesm ^Drain Fly SInv}
   (You found it in the Dungeon)

   Mesm:      Its wielder is mesmerised by any visible foes, and it cannot be
   unequipped while any foes are visible.
   SInv:      It lets you see invisible.
   Fly:       It grants you flight.
   ^Drain:    It drains your maximum health when unequipped.
 B - the +8 whip of Eternal War {antimagic, *Noise ^Drain Str+8 Dex+4}
   (You found it in the Dungeon)

   Str+8:     It affects your strength (+8).
   Dex+4:     It affects your dexterity (+4).
   *Noise:    It may make a loud noise when swung.
   ^Drain:    It drains your maximum health when unequipped.
 F - a +7 demon whip of draining
 H - the +5 lajatang of Tender Mercy {venom, rF+ Dex+2}
   (You found it in the Dungeon)

   Dex+2:     It affects your dexterity (+2).
   rF+:       It protects you from fire.
Armour
 b - a +0 scale mail
 c - a +0 buckler
 k - the +15 Maxwell's patent armour (worn) {-Cast -Tele rElec Will+ rCorr}
   (You found it in the Dungeon)

   rElec:     It insulates you from electricity.
   Will+:     It increases your willpower.
   -Cast:     It prevents spellcasting.
   -Tele:     It prevents most forms of teleportation.
   rCorr:     It protects you from acid and corrosion.
 l - the +18 shield of the Gong (worn) {Loud rN+ Will+ rCorr EV-5}
   (You found it in the Dungeon)

   Loud:      It is deafeningly noisy when blocking attacks.
   EV-5:      It affects your evasion (-5).
   rN+:       It protects you from negative energy.
   Will+:     It increases your willpower.
   rCorr:     It protects you from acid and corrosion.
 J - a +1 pair of gloves of stealth
Jewellery
 m - a ring of flight
 n - a +6 ring of dexterity
 o - a +6 ring of dexterity
 p - a +6 ring of intelligence
 q - a +6 ring of intelligence
 r - a +6 ring of strength (left hand)
 s - a +6 ring of strength (right hand)
 I - a ring of poison resistance
 K - an amulet of faith
 M - a +6 ring of intelligence
Wands
 t - a wand of mindburst (7)
 u - a wand of iceblast (7)
 v - a wand of acid (14)
 L - a wand of charming (4)
Scrolls
 j - 4 scrolls of blinking
 y - 4 scrolls of amnesia
 C - 7 scrolls of fog
 D - 5 scrolls of identify
 E - a scroll of fear
 G - 4 scrolls of enchant weapon
Potions
 d - 6 potions of might
 e - 10 potions of curing
 f - 3 potions of heal wounds
 g - 6 potions of haste
 h - 6 potions of magic
 i - 3 potions of berserk rage
 x - 2 potions of brilliance
 z - 2 potions of invisibility
 A - 4 potions of resistance


   Skills:
 - Level 12.6 Fighting
 + Level 10.1(11.1) Axes
 - Level 6.1(8.2) Maces & Flails
 - Level 10.8 Armour
 - Level 1.9 Dodging
 - Level 15.7 Shields
 * Level 11.2 Invocations


You had 9 spell levels left.
You didn't know any spells.
Your spell library contained the following spells:

 Spells                   Type           Power      Damage    Failure   Level
 Sting                    Conj/Alch      0%         1d3       96%         1
 Gell's Gravitas          Tloc           0%         N/A       100%        3
 Mephitic Cloud           Conj/Alch/Air  0%         N/A       100%        3
 Teleport Other           Tloc           0%         N/A       100%        3
 Cause Fear               Hex            0%         N/A       100%        4
 Dimensional Bullseye     Hex/Tloc       0%         N/A       100%        4
 Arcjolt                  Conj/Air       0%         1d10      100%        5
 Metabolic Englaciation   Hex/Ice        0%         N/A       100%        5
 Bombard                  Conj/Erth      0%         9d1       100%        6
 Conjure Ball Lightning   Conj/Air       0%         3x3d6     100%        6
 Dispersal                Tloc           0%         N/A       100%        6
 Simulacrum               Ice/Necr       0%         N/A       100%        6
 Ozocubu's Refrigeration  Ice            0%         4d7       100%        7
 Polar Vortex             Ice            0%         N/A       100%        9


Dungeon Overview and Level Annotations

Branches:
Dungeon (1/1)

Altars:
Ashenzari
Cheibriados
Dithmenos
Elyvilon
Fedhas
Gozag
Hepliaklqana
Kikubaaqudgha
Makhleb
Nemelex Xobeh
Okawaru
Qazlal
Ru
Sif Muna
Trog
Uskayaw
Vehumet
Wu Jian
Xom
Yredelemnul
Zin
The Shining One
Beogh
Jiyva
Lugonu

Annotations:
D 1 transporter


Message History

The blast of ice hits the fire vortex!!!
The fire vortex is frozen!
The fire vortex dissipates!
The cutting wind hits the fire dragon!!
The fire dragon is almost dead.
The cutting wind hits the hell hog!!
The hell hog is almost dead.
The cutting wind hits the fire giant!!
The fire giant is severely wounded.
The cutting wind hits the fire giant!
The fire giant is moderately wounded.
You block the hell hog's attack.
PANG!
You block the hell hog's attack.
GONNNNG!
You block the fire giant's attack.
SHROANNG!
The fire giant hits you with a +2 great sword of flaming!!
You feel more protected from fire. The fire giant burns you.
You barely miss the hell hog.
The hell hog is almost dead.
You hit the fire giant but do no damage.
You slice the hell hog!! You hit the fire giant. You drain the fire giant.
Visions of slaying the fire giant flood into your mind.
You block the hell hog's attack.
GONNNNG!
You block the hell hog's attack.
GONNNNG!
You block the hell hog's attack.
GONNNNG!
The hell hog bites you but does no damage.
The fire giant hits you with a +1 great sword of flaming!!
* * * LOW HITPOINT WARNING * * *
Your resistance to fire fades away.
You feel protected from physical attacks.
The fire giant burns you!
* * * LOW HITPOINT WARNING * * *
The fire giant hits you with a +2 great sword of flaming!!
You die...

▓▓▓▓▓▓▓▓▓▓▓▓▓▓▓▓▓▓▓
▓...8©8...▓...8©8...▓
▓../[[||..▓..).)....▓
▓..=:=/[°.▓..))).)..▓
▓.........▓...)))...▓
▓....○....▓.....)...▓
▓≈.○.D....▓.....)...▓
▓...ChC...▓...).....▓
▓..☼.@hC..▓.▓.....▓.▓
▓.▓.§..§▓.▓....©....▓
▓....°....▓▓▓▓▓▓▓▓▓▓▓
▓▓▓▓▓▓▓▓▓▓▓


You could see 3 fire giants, a fire dragon and 2 hell hogs.

Vanquished Creatures
  Erica (D)
  An ugly thing (D)
  A tarantella (D)
  A jumping spider (D)
  2 fire elementals (D)
  Edmund (D)
  A water moccasin (shapeshifter) (D)
  A hell hound (D)
  Duvessa (D)
  4 orc warriors (D)
  A boggart (shapeshifter) (D)
  A crocodile (shapeshifter) (D)
  2 wolves (D)
  A scorpion (D)
  Dowan (D)
  Crazy Yiuf (D)
  3 orc priests (D)
  Jessica (D)
  2 iguanas (D)
  6 orc wizards (D)
  An adder (D)
  2 river rats (D)
  7 orcs (D)
  A jackal (D)
  5 fire vortices (D)
49 creatures vanquished.

Vanquished Creatures (collateral kills)
  Sigmund (D)
  2 nagas (D)
  2 water moccasins (D)
  An orc warrior (D)
  Blork the orc (D)
  2 adders (D)
9 creatures vanquished.

Grand Total: 58 creatures vanquished

Notes
Turn   | Place    | Note
-------+----------+-------------------------------------------
     0 | D        | MisterAzrael the Hill Orc Fighter began the quest for the
                  | Orb.
     0 | D        | Reached XP level 1. HP: 19/19 MP: 1/1
     2 | D        | Found a blossoming altar of Fedhas.
     2 | D        | Found the +6 Majin-Bo {spellvamp, MP+6 Int+6}
     2 | D        | Found the +27 heavy crossbow "Sniper" {heavy, Acc+∞ SInv}
     2 | D        | Found the +10 dark maul {heavy}
     2 | D        | Found the +15 Maxwell's patent armour {-Cast -Tele rElec
                  | Will+ rCorr}
     2 | D        | Found the +18 shield of the Gong {Loud rN+ Will+ rCorr
                  | EV-5}
     2 | D        | Found the +16 obsidian axe {drain, demonic, Mesm ^Drain Fly
                  | SInv}
     2 | D        | Found the +7 great mace "Firestarter" {flame, immolate,
                  | rFlCloud rF++}
     2 | D        | Found the +6 shillelagh "Devastator" {shatter}
     2 | D        | Found the +11 plutonium sword {^Contam Stlth-}
     2 | D        | Found the +8 lance "Wyrmbane" {slay drac, rPois rF+ rC+
                  | AC+3}
     2 | D        | Found the +9 sword of Zonguldrok {reap}
     2 | D        | Found the +13 scythe of Curses {drain, curses, ^Drain}
     2 | D        | Found the +9 sword of Power {lifebolt}
     2 | D        | Found the +7 mace of Variability {chaos, chaos arc}
     2 | D        | Found the +11 Singing Sword {sonic wave}
     2 | D        | Found the +8 storm bow {elec, penet}
     3 | D        | Found a viscous altar of Jiyva.
     3 | D        | Found a hazy altar of Hepliaklqana.
     3 | D        | Found a transporter.
     3 | D        | Found an opulent altar of Gozag.
     3 | D        | Found an ancient bone altar of Kikubaaqudgha.
     3 | D        | Found a corrupted altar of Lugonu.
     8 | D        | Found a burning altar of Makhleb.
     9 | D        | Found a stormy altar of Qazlal.
     9 | D        | Found an iron altar of Okawaru.
     9 | D        | Found a sacrificial altar of Ru.
     9 | D        | Found a sparkling altar of Nemelex Xobeh.
     9 | D        | Found a shimmering blue altar of Sif Muna.
     9 | D        | Found a bloodstained altar of Trog.
   105 | D        | Became a worshipper of Qazlal Stormbringer
   108 | D        | Reached skill level 5 in Fighting
   108 | D        | Reached skill level 5 in Axes
   108 | D        | Reached skill level 5 in Armour
   108 | D        | Reached skill level 5 in Shields
   108 | D        | Reached XP level 2. HP: 30/30 MP: 2/2
   127 | D        | Entered arena 2.
   127 | D        | Found a transporter.
   131 | D        | Reached XP level 3. HP: 38/38 MP: 3/3
   136 | D        | Got the +8 whip of Eternal War {antimagic, *Noise ^Drain
                  | Str+8 Dex+4}
   141 | D        | Entered arena 3.
   141 | D        | Found the +3 greatsling "Punk" {acid, rCorr}
   141 | D        | Noticed a jumping spider
   141 | D        | Noticed a scorpion
   141 | D        | Noticed a tarantella
   141 | D        | Found a transporter.
   147 | D        | Killed a scorpion
   147 | D        | Reached * piety under Qazlal
   148 | D        | Reached skill level 1 in Maces & Flails
   148 | D        | Reached skill level 7 in Shields
   148 | D        | Reached XP level 4. HP: 19/47 MP: 1/4
   163 | D        | Killed a tarantella
   164 | D        | Reached skill level 9 in Shields
   164 | D        | Reached XP level 5. HP: 57/57 MP: 1/5
   164 | D        | Reached XP level 6. HP: 63/63 MP: 2/6
   173 | D        | Killed a jumping spider
   174 | D        | Reached skill level 1 in Dodging
   174 | D        | Reached skill level 10 in Shields
   174 | D        | Reached XP level 7. HP: 71/71 MP: 2/7
   181 | D        | Entered arena 4.
   181 | D        | Noticed a white ugly thing
   181 | D        | Found a transporter.
   184 | D        | Reached ** piety under Qazlal
   185 | D        | Reached skill level 10 in Fighting
   185 | D        | Reached skill level 11 in Shields
   185 | D        | Killed a white ugly thing
   186 | D        | Reached skill level 12 in Shields
   186 | D        | Reached XP level 8. HP: 64/81 MP: 2/8
   189 | D        | Reached skill level 13 in Shields
   201 | D        | Got the +5 lajatang of Tender Mercy {venom, rF+ Dex+2}
   208 | D        | Entered arena 5.
   208 | D        | Found a transporter.
   211 | D        | Reached *** piety under Qazlal
   212 | D        | Reached skill level 5 in Maces & Flails
   212 | D        | Reached skill level 10 in Armour
   222 | D        | Entered arena 6.
   222 | D        | Found a transporter.
   226 | D        | Reached **** piety under Qazlal
   227 | D        | Reached skill level 14 in Shields
   244 | D        | Entered arena 7.
   245 | D        | Found a transporter.
   250 | D        | Reached ***** piety under Qazlal
   251 | D        | Reached XP level 9. HP: 43/90 MP: 9/9
   261 | D        | Entered arena 8.
   262 | D        | Found a transporter.
   279 | D        | Entered arena 9.
   280 | D        | Found a transporter.
   282 | D        | Reached ****** piety under Qazlal
   283 | D        | Reached skill level 15 in Shields
   302 | D        | Entered arena 10.
   302 | D        | Noticed Sigmund
   302 | D        | Noticed Jessica
   302 | D        | Noticed Blork the orc
   302 | D        | Noticed Crazy Yiuf
   302 | D        | Noticed Dowan
   302 | D        | Noticed Duvessa
   302 | D        | Noticed Edmund
   302 | D        | Noticed Erica
   303 | D        | Found a transporter.
   305 | D        | Killed Duvessa
   307 | D        | Killed Jessica
   307 | D        | Killed Crazy Yiuf
   308 | D        | Killed Edmund
   308 | D        | Killed Dowan
   308 | D        | Killed Blork the orc
   312 | D        | Killed Erica
   313 | D        | Reached XP level 10. HP: 31/100 MP: 10/16
   314 | D        | Killed Sigmund
   329 | D        | Entered arena 11.
   331 | D        | Reached skill level 10 in Invocations
   333 | D        | Found a transporter.
   347 | D        | Got the Collected Works on Felsic Curses
   351 | D        | Got Kocinost's Vellum of Hurting
   353 | D        | Entered arena 12.
   353 | D        | Noticed a fire giant
   353 | D        | Noticed a hell hog
   353 | D        | Noticed a hell hog
   353 | D        | Noticed a fire giant
   353 | D        | Noticed a fire dragon
   354 | D        | Noticed a fire giant
   356 | D        | Reached skill level 10 in Axes
   356 | D        | Found a transporter.
   362 | D        | Mangled by a fire giant

Illustrated notes

Levels and vault maps discovered:
D:        sprint_v [room_start, room_1, room_2, room_3, room_4, room_5, room_6,
          room_7, room_8, room_9, room_10, room_11, room_12, room_13, room_14,
          room_15, room_16, room_17, room_18, room_19, room_20, room_21,
          room_22, room_23, room_24, room_25, room_26, room_27]

Skill      XL: |  1  2  3  4  5  6  7  8  9 10 |
---------------+-------------------------------+-----
Fighting       | 5 6 7 9 10 11 12 | 12.6
Axes           | 5 8 10 | 10.1
Armour         | 5 6 8 9 10 | 10.8
Shields        | 5 7 9 10 12 14 15 | 15.7
Maces & Flails | 1 2 3 4 5 6 |  6.1
Dodging        | 1 |  1.9
Invocations    | 8 11 | 11.2

Action                     |  1- 3 |  4- 6 |  7- 9 | 10-12 || total
---------------------------+-------+-------+-------+-------++-------
  Melee: Broad axe         |     2 |       |    42 |     4 ||    48
         Whip              |     5 |    10 |       |       ||    15
 Invoke: Disaster Area     |       |       |       |     3 ||     3
    Use: Potion            |     1 |     2 |       |     6 ||     9
         Scroll            |       |     1 |       |       ||     1
 Armour: Plate armour      |    11 |    15 |    10 |    13 ||    49
  Dodge: Dodged            |     1 |       |     1 |       ||     2
  Block: Kite shield       |    19 |    22 |    55 |    26 ||   122

Table legend: (Time is in decaauts)
 A = Elapsed time spent in this place.
 B = Non-inter-level travel time spent in this place.
 C = Inter-level travel time spent in this place.
 D = Time resting spent in this place.
 E = Time spent auto-exploring this place.
 F = Levels seen in this place.
 G = Mean time per level.
                   A        B        C        D        E       F      G
               +--------+--------+--------+--------+--------+-----+--------+
         Total |    371 |    371 |      0 |      2 |      0 |   1 |  371.0 |
       Dungeon |    371 |    371 |      0 |      2 |      0 |   1 |  371.0 |
               +--------+--------+--------+--------+--------+-----+--------+

Top non-repeatable levels by time:
       D: 371 daAuts
